AoeStats
← Pocket Hunter

Nomad

509712847Analyzed
2v2 RM · 4d ago on Sep 27, 2026· 42m 31s· 4 players
Game mode
Random Map
Map size
176×176
Population
200
Speed
Normal
Resources
Standard
Victory
Conquest
Starting age
Dark Age
Ending age
Imperial Age
RankedLock teamsTeams togetherTeam positionsShared explorationLock speedFull tech treeHidden civsTurbo modeCheats
Victory
Defeat
🇺🇸 Malay · United States
701
+17
🇲🇽 Hindustanis · Mexico
589
+22
🇬🇧 Celts · United Kingdom
728
-20
🇬🇧 Romans · United Kingdom
712
-19
Pocket Hunter
3:30 Loom
16:52 Feudal Age
17:20 Wheelbarrow
16:32 Double-Bit Axe
16:54 Town Watch
17:25 Fishing Lines
18:19 Gold Mining
22:34 Castle Age
20:29 Fletching
21:32 Forging
21:28 Scale Barding Armor
21:07 Horse Collar
22:25 Bodkin Arrow
22:58 Hand Cart
22:59 Gillnets
23:32 Stone Mining
24:42 Bow Saw
27:03 Stone Shaft Mining
27:27 Iron Casting
30:14 Thalassocracy
31:32 Ballistics
37:15 Imperial Age
34:48 Padded Archer Armor
34:36 Arson
34:52 Squires
35:53 Gold Shaft Mining
37:10 Bracer
38:10 Blast Furnace
37:26 Leather Archer Armor
38:10 Forced Levy
39:28 Chemistry
38:24 Murder Holes
38:09 Treadmill Crane
38:20 Heated Shot
39:05 Conscription
38:32 Man-at-Arms
39:00 Onager
39:26 Long Swordsman
40:22 Town Patrol
41:06 Ring Archer Armor
40:25 Two-Handed Swordsman
41:56 Elite Karambit Warrior
42:00 Capped Ram
42:29 Crossbowman
43:14 Thumb Ring
42:30 Elite Skirmisher
Tosko9760
4:31 Loom
15:47 Feudal Age
16:28 Double-Bit Axe
19:31 Wheelbarrow
18:45 Town Watch
21:47 Fishing Lines
23:40 Bloodlines
22:55 Man-at-Arms
28:02 Arson
32:43 Castle Age
32:11 Horse Collar
33:35 Squires
32:57 Long Swordsman
32:57 Pikeman
33:58 Thumb Ring
33:14 Crossbowman
36:54 Town Patrol
38:22 Hand Cart
42:09 Gillnets
45:13 Imperial Age
42:44 Murder Holes
43:00 Fortified Wall
43:01 Husbandry
42:21 Light Cavalry
EntertainingEvy
15:09 Feudal Age
22:51 Castle Age
21:24 Double-Bit Axe
21:26 Horse Collar
31:03 Ballistics
31:00 Pikeman
39:01 Gold Mining
39:03 Stone Mining
41:19 Gold Shaft Mining
43:38 Imperial Age
calamity clack
10:10 Loom
17:04 Feudal Age
17:26 Man-at-Arms
18:50 Wheelbarrow
18:01 Horse Collar
24:24 Scale Mail Armor
26:15 Forging
26:39 Gold Mining
26:40 Stone Mining
28:33 Double-Bit Axe
Connection lost

Rejoining the realm…

Still unreachable

The connection could not be restored.

Session expired

The server has moved on; the page needs a fresh start.